 Dungeon Crawl Stone Soup version 0.26-a0-651-gb41185065b (webtiles) character file.

Game seed: 16268196102419191393

163080 Flugslaktarn the Severer (level 16, -13/163 HPs)
             Began as a Deep Dwarf Fighter on Oct 3, 2020.
             Was the Champion of Makhleb.
             Killed from afar by Nikola (18 damage)
             ... with a chain lightning
             ... on level 4 of the Swamp.
             The game lasted 00:14:41 (15907 turns).

Flugslaktarn the Severer (Deep Dwarf Fighter)      Turns: 15907, Time: 00:14:42

Health: -13/163    AC: 34    Str: 33    XL:     16   Next: 98%
Magic:  10/10      EV: 10    Int: 10    God:    Makhleb [******]
Gold:   964        SH: 25    Dex: 12    Spells: 15/15 levels left

rFire    . . .     SeeInvis +   b - +5 war axe of Battle {holy, Fragile MR++ Str+4 SInv}
rCold    . . .     Faith    .   M - +0 tower shield
rNeg     + . .     Spirit   .   R - +4 plate armour {rPois}
rPois    +         Reflect  +   p - +2 helmet
rElec    .         Harm     .   C - +2 cloak {MR+}
rCorr    .         Rampage  .   f - +2 pair of gloves {Str+3}
MR       +++++                  G - +2 pair of boots
Stlth    ..........             g - amulet of reflection
HPRegen  0.00/turn              i - ring of see invisible
MPRegen  0.12/turn              m - ring of protection from magic

@: non-regenerating
A: damage resistance, heal wounds, negative energy resistance 1, sense
surroundings 2, no regeneration
}: 1/15 runes: gossamer
a: Heal Wounds, Minor Destruction, Lesser Servant of Makhleb, Major Destruction,
Greater Servant of Makhleb, Renounce Religion


You were on level 4 of the Swamp.
You worshipped Makhleb.
Makhleb was exalted by your worship.
You visited 6 branches of the dungeon, and saw 29 of its levels.
You also visited: Gauntlet.

You collected 1734 gold pieces.
You spent 770 gold pieces at shops.

Inventory:

Hand Weapons
 a - a +1 war axe
 b - the +5 war axe of Battle (weapon) {holy, Fragile MR++ Str+4 SInv}
   (You found it on level 11 of the Dungeon)

   It has been blessed by the Shining One to cause great damage to the undead
   and demons.
   It affects your strength (+4).
   It affects your resistance to hostile enchantments.
   It lets you see invisible.
   It will be destroyed if unequipped.
 o - a +0 war axe of distortion
   (You took it off an orc warlord on level 1 of the Orcish Mines)
 s - a +5 war axe
   (You took it off a wight on level 14 of the Dungeon)
 v - a +7 executioner's axe of freezing
   (You took it off a minotaur in a Gauntlet)
Missiles
 B - 2 throwing nets (quivered)
Armour
 f - a +2 pair of gloves of strength (worn)
   (You found it in a Gauntlet)
 p - a +2 helmet (worn)
   (You found it on level 4 of the Dungeon)
 C - a +2 cloak of magic resistance (worn)
   (You found it in a Gauntlet)
 G - a +2 pair of boots (worn)
   (You found it on level 9 of the Dungeon)
 M - a +0 tower shield (worn)
   (You took it off Louise on level 14 of the Dungeon)
 R - a +4 plate armour of poison resistance (worn)
   (You bought it in a shop on level 2 of the Orcish Mines)
Jewellery
 g - an amulet of reflection (around neck)
   (You found it on level 6 of the Dungeon)
 i - a ring of see invisible (left hand)
   (You found it on level 6 of the Dungeon)
 m - a ring of protection from magic (right hand)
   (You took it off an orc on level 12 of the Dungeon)
Wands
 E - a wand of acid (16)
   (You found it on level 9 of the Dungeon)
 H - a wand of digging (8)
   (You found it on level 13 of the Dungeon)
 I - a wand of paralysis (12)
   (You found it on level 10 of the Dungeon)
 J - a wand of iceblast (7)
   (You found it on level 6 of the Dungeon)
 Q - a wand of enslavement (10)
   (You found it on level 3 of the Spider Nest)
Scrolls
 c - 2 scrolls of fog
 k - 2 scrolls of fear
 r - 2 scrolls of identify
 t - 13 scrolls of teleportation
 x - 7 scrolls of remove curse
 y - a scroll of immolation
 z - 2 scrolls of vulnerability
 A - 7 scrolls of enchant weapon
 L - 3 scrolls of magic mapping
 N - 4 scrolls of enchant armour
Potions
 d - 2 potions of might
 e - 4 potions of invisibility
 h - a potion of resistance {unknown}
 j - a potion of magic
 l - 5 potions of berserk rage
 n - 6 potions of haste
 q - 5 potions of curing
 u - 3 potions of cancellation
 w - 5 potions of heal wounds
 D - 4 potions of lignification
 K - 3 potions of ambrosia
 O - a potion of mutation {unknown}
 P - 2 potions of brilliance {unknown}
Miscellaneous
 F - a condenser vane (1/2)
   (You found it in a Gauntlet)


   Skills:
 * Level 15.4 Fighting
 - Level 16.0 Axes
 + Level 13.4 Armour
 + Level 8.1 Dodging
 - Level 11.1 Shields
 + Level 14.8 Invocations
 - Level 7.0 Evocations


You had 15 spell levels left.
You didn't know any spells.
Your spell library was empty.

Dungeon Overview and Level Annotations

Branches:
Dungeon (15/15)            Temple (1/1) D:4            Lair (3/6) D:8
  Swamp (4/4) Lair:3       Spider (4/4) Lair:2          Orc (2/2) D:12
    Elf (0/3) Orc:2        Vaults (0/5) D:13         Depths (0/5) D:15
Gauntlet (visited)

Altars:
Ashenzari
Cheibriados
Dithmenos
Fedhas
Gozag
Hepliaklqana
Kikubaaqudgha
Makhleb
Nemelex Xobeh
Okawaru
Qazlal
Ru
Sif Muna
Trog
Vehumet
Xom
Zin
The Shining One

Shops:
D:5 *   D:11 *   D:13 (   Orc:2 [*[=(

Annotations:
D:10 1 runed translucent door, donkeybrains's ghost, novice HOFi
Swamp:4 Nikola
Spider:2 3 runed translucent doors, XO4YCPATb's ghost, journeyman TrHu


Innate Abilities, Weirdness & Mutations

You are resistant to damage.
You can heal yourself by infusing magical energy.
You resist negative energy. (rN+)
You passively map the area around you.
You do not regenerate.


Message History

You hear a mighty clap of thunder!
The lightning arc hits you!
The lightning arc hits Nikola.
The lightning arc hits you!
The lightning arc hits Nikola!
The lightning arc hits you!
The lightning arc hits Nikola.
A tyrant leech comes into view.
You hear a deafening roar!
You hear a loud, deep croak!
You hear a horrible gurgling sound!
You hear a deafening roar! x2
You hear a roar!
You hear a chilling moan.
You hear a roar!
You hear a deafening roar!
You hear a roar! x6
You slash Nikola!
Nikola is almost dead.
Nikola gestures wildly while chanting.
You hear a mighty clap of thunder!
The lightning arc hits you!
The lightning arc hits Nikola.
The lightning arc hits you!!
* * * LOW HITPOINT WARNING * * *
The lightning arc hits Nikola.
The lightning arc hits you!
* * * LOW HITPOINT WARNING * * *
The lightning arc hits Nikola!
The lightning arc hits you!!
You die...

* * *, , , , ,
≈
♣≈≈≈..≈.≈♣≈≈..≈
,
.≈≈≈≈.≈≈♣.≈§≈≈
≈,* ,, ≈
.≈≈..≈.≈≈≈≈≈ *
, ≈ , ≈
,...≈≈≈≈≈≈≈≈≈ *
,,≈ ≈
≈♣≈≈♣.≈≈≈≈≈≈ ,
* ♣°≈♣..≈≈≈≈≈,
** ,
♣@.≈..?.w≈., ,
≈ ♣♣@......≈.**
*≈ ♣≈.≈≈≈.♣♣≈.
* * ,* **
♣≈.≈≈≈≈.♣ *,, ,
, ♣♣≈≈≈≈≈.♣ ,,
≈≈≈ ≈, ,
*♣≈.≈≈.♣♣ * ≈
≈****♣♣♣≈≈≈§♣ *
,, ,, , ♣♣♣♣♣©
≈ * *^* ** ≈ *
**


You could see Nikola (corroded) and a tyrant leech.

Vanquished Creatures
  Agnes (D:15)
  Kirke (Spider:1)
  Frances (Swamp:2)
  2 orc warlords
  3 ghost moths (Spider:4)
  4 emperor scorpions
  Louise (D:14)
  4 spark wasps (Spider:4)
  A minotaur (Gauntlet)
  Azrael (D:15)
  2 dire elephants
  Josephine (D:12)
  A yaktaur captain (D:13)
  Fannar (D:12)
  3 hydras (Swamp:3)
  A rakshasa (D:14)
  2 catoblepae
  9 centaur warriors
  A shambling mangrove (Swamp:3)
  Erica (D:9)
  3 alligators
  A death knight (D:14)
  2 tengu warriors
  10 two-headed ogres
  A hell hog (Gauntlet)
  4 orc high priests (Orc:2)
  Urug (D:12)
  7 spriggans (Swamp:3)
  5 skeletal warriors (D:13)
  A spriggan druid (Swamp:3)
  5 unseen horrors
  A swamp dragon (Swamp:3)
  10 orb spiders
  4 orc knights (Orc:2)
  A salamander (D:15)
  16 wolf spiders
  12 ugly things
  4 moths of wrath
  6 orc sorcerers
  2 manticores
  2 deep elf magi (D:15)
  2 cyclopes
  4 elephants
  A black mamba (Lair:3)
  A gargoyle (D:12)
  A torpor snail (Spider:4)
  6 cane toads
  An efreet (D:13)
  A rime drake (Lair:3)
  2 yaktaurs (D:13)
  10 demonic crawlers
  A kobold demonologist (D:12)
  2 tengu conjurers (D:15)
  4 trolls
  A polar bear (Lair:3)
  18 jumping spiders
  A tyrant leech (Swamp:3)
  16 hornets
  Prince Ribbit (D:5)
  4 bog bodies (Swamp:3)
  22 slime creatures
  7 blink frogs
  7 hippogriffs
  20 tarantellas
  Sigmund (D:5)
  4 shadows
  36 redbacks
  5 wyverns
  14 yaks
  Eustachio (D:5)
  4 fire bats (Gauntlet)
  3 fire elementals (D:15)
  A hog (shapeshifter) (D:15)
  6 wraiths
  A basilisk (D:15)
  4 hogs (Spider:1)
  A basilisk (shapeshifter) (D:13)
  15 vampire mosquitoes
  3 swamp worms
  3 insubstantial wisps (Swamp:3)
  6 water moccasins
  Duvessa (D:7)
  8 hell hounds
  4 porcupines (Lair:3)
  3 swamp drakes
  5 ice beasts
  30 orc warriors
  12 ogres
  3 sky beasts
  2 necrophages
  4 phantoms
  3 boggarts (D:15)
  24 centaurs
  8 crocodiles
  5 big kobolds
  14 bullfrogs
  3 gnoll sergeants (D:5)
  Dowan (D:7)
  7 scorpions
  A hornet simulacrum (D:15)
  A wyvern skeleton (D:12)
  14 killer bees
  11 wights
  An electric eel (D:13)
  3 howler monkeys (D:9)
  4 centaur zombies
  A bullfrog zombie (D:10)
  12 hounds
  3 quasits
  2 centaur skeletons
  3 jellies
  2 bullfrog skeletons (D:5)
  22 orc priests
  24 orc wizards
  7 iguanas
  10 worker ants
  A hound zombie (D:6)
  A hound skeleton (D:5)
  18 gnolls
  12 adders
  A shadow imp (D:9)
  3 white imps
  2 oozes
  2 ufetubi
  2 worms (D:4)
  5 leopard geckos
  81 orcs
  2 bats
  3 giant cockroaches
  3 hobgoblins
  3 jackals
  28 kobolds
  2 quokkas
  A ball python (D:4)
  4 frilled lizards
  A leopard gecko skeleton (D:5)
  5 rats
818 creatures vanquished.

Vanquished Creatures (collateral kills)
  2 hydras (Lair:3)
  An elephant (Gauntlet)
  A komodo dragon (Lair:3)
  2 blink frogs (Lair:3)
  A spriggan (Swamp:3)
  2 howler monkeys (D:14)
  A worker ant (D:14)
10 creatures vanquished.

Vanquished Creatures (others)
  A tyrant leech (Swamp:4)
  A spriggan (Swamp:3)
  A tarantella (Spider:4)
  7 fungi
  27 plants
37 creatures vanquished.

Grand Total: 865 creatures vanquished

Notes
Turn   | Place    | Note
-------+----------+-------------------------------------------
     0 | D:1      | Flugslaktarn the Deep Dwarf Fighter began the quest for the
                  | Orb.
     0 | D:1      | Reached XP level 1. HP: 20/20 MP: 1/1
   185 | D:2      | Reached XP level 2. HP: 24/27 MP: 2/2
   272 | D:2      | Reached XP level 3. HP: 34/34 MP: 3/3
   276 | D:2      | Reached skill level 3 in Axes
   285 | D:2      | Reached XP level 4. HP: 42/42 MP: 4/4
   381 | D:3      | Found a broken altar of Ashenzari.
   438 | D:3      | Reached XP level 5. HP: 38/50 MP: 5/5
   516 | D:4      | Noticed an ogre
   519 | D:4      | HP: 2/50 [ogre/+0 giant club (24)]
   528 | D:4      | Killed an ogre
   528 | D:4      | Reached skill level 4 in Axes
   594 | D:4      | Reached XP level 6. HP: 55/57 MP: 4/4
   915 | D:4      | Found a staircase to the Ecumenical Temple.
   927 | Temple   | Entered the Ecumenical Temple
  1119 | Temple   | Became a worshipper of Makhleb the Destroyer
  1302 | D:5      | Entered Level 5 of the Dungeon
  1302 | D:5      | Noticed Prince Ribbit
  1316 | D:5      | Found an iron altar of Okawaru.
  1340 | D:5      | Reached skill level 5 in Axes
  1360 | D:5      | Reached XP level 7. HP: 46/66 MP: 5/5
  1362 | D:5      | Noticed Sigmund
  1374 | D:5      | Killed Sigmund
  1374 | D:5      | Reached skill level 5 in Fighting
  1374 | D:5      | Reached skill level 1 in Invocations
  1462 | D:5      | Noticed Eustachio
  1482 | D:5      | Killed Eustachio
  1482 | D:5      | Reached skill level 5 in Armour
  1482 | D:5      | Reached skill level 5 in Shields
  1499 | D:5      | Killed Prince Ribbit
  1499 | D:5      | Reached skill level 6 in Axes
  1499 | D:5      | Reached XP level 8. HP: 56/76 MP: 4/6
  1723 | D:5      | Found a sacrificial altar of Ru.
  1727 | D:5      | Reached * piety under Makhleb
  1759 | D:5      | Found a shimmering altar of Xom.
  1759 | D:5      | Found a shimmering altar of Xom.
  1759 | D:5      | Found a shimmering altar of Xom.
  1759 | D:5      | Found a shimmering altar of Xom.
  1759 | D:5      | Found a shimmering altar of Xom.
  1760 | D:5      | Found a shimmering altar of Xom.
  1774 | D:5      | Found Xoxzeq's Assorted Antiques.
  1802 | D:5      | Bought a scroll labeled NERA XIMADWA for 28 gold pieces
  1802 | D:5      | Bought a scroll labeled QOSUADDEIJA for 28 gold pieces
  1852 | D:5      | Reached skill level 7 in Axes
  2009 | D:6      | Found a glowing golden altar of the Shining One.
  2037 | D:6      | Found a shimmering blue altar of Sif Muna.
  2149 | D:6      | Found a snail-covered altar of Cheibriados.
  2204 | D:6      | Gained mutation: You passively map the area around you.
                  | [Deep Dwarf growth]
  2204 | D:6      | Reached XP level 9. HP: 65/85 MP: 7/7
  2903 | D:5      | Bought a scroll labeled UDOUN XIUL GEK for 28 gold pieces
  2903 | D:5      | Bought a scroll labeled IKUPOPOLOM for 28 gold pieces
  3091 | D:7      | Reached skill level 5 in Invocations
  3143 | D:7      | Reached ** piety under Makhleb
  3143 | D:7      | Reached skill level 8 in Axes
  3315 | D:7      | Noticed an unseen horror
  3334 | D:7      | Killed an unseen horror
  3334 | D:7      | Reached skill level 1 in Evocations
  3555 | D:7      | Noticed Duvessa
  3557 | D:7      | Noticed Dowan
  3559 | D:7      | Killed Dowan
  3571 | D:7      | Killed Duvessa
  3835 | D:8      | Found a staircase to the Lair.
  3986 | D:8      | Reached XP level 10. HP: 76/96 MP: 6/6
  4130 | D:8      | Reached *** piety under Makhleb
  4145 | D:8      | Found a glowing silver altar of Zin.
  4253 | D:9      | Reached skill level 9 in Axes
  4503 | D:9      | Noticed Erica
  4518 | D:9      | Killed Erica
  5036 | D:10     | Entered Level 10 of the Dungeon
  5042 | D:10     | Noticed a two-headed ogre
  5052 | D:10     | Killed a two-headed ogre
  5182 | D:10     | Reached skill level 10 in Axes
  5194 | D:10     | Reached **** piety under Makhleb
  5206 | D:10     | Reached XP level 11. HP: 99/104 MP: 8/8
  5227 | D:10     | Reached skill level 5 in Evocations
  5312 | D:10     | Found a bloodstained altar of Trog.
  5526 | D:10     | Found a shimmering altar of Xom.
  5526 | D:10     | Noticed donkeybrains's ghost (novice HOFi)
  5526 | D:10     | Noticed a +1 hand axe of chaos
  5527 | D:10     | Found a runed translucent door.
  5956 | D:10     | Reached skill level 13 in Axes
  5956 | D:10     | Reached XP level 12. HP: 53/114 MP: 9/9
  5996 | D:11     | Noticed a two-headed ogre
  6009 | D:11     | Killed a two-headed ogre
  6110 | D:11     | Found Guikosmal's General Store.
  6219 | D:11     | Noticed a two-headed ogre
  6236 | D:11     | Killed a two-headed ogre
  6470 | D:11     | Got a bloodstained war axe
  6471 | D:11     | Identified the +5 war axe of Battle {holy, Fragile MR++
                  | Str+4 SInv} (You found it on level 11 of the Dungeon)
  6803 | D:12     | Noticed a two-headed ogre
  6809 | D:12     | Noticed Fannar
  6815 | D:12     | Killed a two-headed ogre
  6815 | D:12     | Reached skill level 14 in Axes
  6842 | D:12     | Killed Fannar
  6902 | D:12     | Reached ***** piety under Makhleb
  6914 | D:12     | Noticed Josephine
  6928 | D:12     | Killed Josephine
  6970 | D:12     | Noticed Urug
  6977 | D:12     | Reached skill level 10 in Fighting
  7013 | D:12     | Killed Urug
  7013 | D:12     | Reached XP level 13. HP: 120/123 MP: 0/11
  7468 | D:12     | Found a staircase to the Orcish Mines.
  7780 | D:13     | Found Wuixujuc's Antique Weapon Emporium.
  7963 | D:13     | Reached ****** piety under Makhleb
  7977 | D:13     | Reached skill level 15 in Axes
  7997 | D:13     | Found a gate to the Vaults.
  8022 | D:13     | Reached skill level 10 in Invocations
  8409 | D:14     | Noticed Louise
  8595 | D:14     | Gained mutation: You resist negative energy. (rN+) [Deep
                  | Dwarf growth]
  8595 | D:14     | Reached XP level 14. HP: 134/135 MP: 8/8
  8610 | D:14     | Killed Louise
  8610 | D:14     | Reached skill level 10 in Armour
  8720 | D:14     | Reached skill level 10 in Shields
  8959 | D:15     | Entered Level 15 of the Dungeon
  9327 | D:15     | Reached skill level 16 in Axes
  9353 | D:15     | Found a staircase to the Depths.
  9752 | D:15     | Noticed Azrael
  9752 | D:15     | Noticed Agnes
  9791 | D:15     | Killed Agnes
  9797 | D:15     | Killed Azrael
 10098 | Lair:1   | Entered Level 1 of the Lair of Beasts
 10368 | Lair:2   | Found a gate leading to a gauntlet.
 10379 | Gauntlet | Entered a Gauntlet
 10379 | Gauntlet | Found a transporter.
 10379 | Gauntlet | Found a transporter.
 10379 | Gauntlet | Found a transporter.
 10380 | Gauntlet | Found a transporter.
 10383 | Gauntlet | Found a transporter.
 10394 | Gauntlet | Found a transporter.
 10417 | Gauntlet | Found a transporter.
 10437 | Gauntlet | Found a transporter.
 10455 | Gauntlet | Found a transporter.
 10463 | Gauntlet | Found a transporter.
 10481 | Gauntlet | Found a transporter.
 10533 | Gauntlet | Found a transporter.
 10635 | Gauntlet | Reached XP level 15. HP: 75/146 MP: 9/9
 10683 | Gauntlet | Identified the +8 longbow of Hocw {flame, Dex+2}
 11225 | Lair:2   | Found a hole to the Spider Nest.
 11425 | Lair:3   | Found a staircase to the Swamp.
 11531 | Lair:3   | Reached skill level 1 in Dodging
 12330 | Spider:1 | Entered Level 1 of the Spider Nest
 12395 | Spider:1 | Noticed Kirke
 12415 | Spider:1 | Killed Kirke
 12599 | Spider:2 | Found a runed translucent gate.
 12600 | Spider:2 | Found a runed translucent gate.
 12601 | Spider:2 | Found a runed translucent gate.
 12603 | Spider:2 | Noticed XO4YCPATb's ghost (journeyman TrHu)
 12988 | Spider:4 | Entered Level 4 of the Spider Nest
 13415 | Spider:4 | Reached skill level 5 in Dodging
 13510 | Spider:4 | Noticed a ghost moth
 13523 | Spider:4 | Killed a ghost moth
 13523 | Spider:4 | Reached XP level 16. HP: 103/159 MP: 1/12
 13651 | Spider:4 | Got a gossamer rune of Zot
 14105 | Orc:1    | Entered Level 1 of the Orcish Mines
 14200 | Orc:1    | Found a dark tunnel.
 14460 | Orc:2    | Entered Level 2 of the Orcish Mines
 14460 | Orc:2    | Found a staircase to the Elven Halls.
 14722 | Orc:2    | Reached skill level 15 in Fighting
 14851 | Orc:2    | Found Sikhloec's Armour Shoppe.
 15015 | Orc:2    | Found Coudolu's Antique Armour Boutique.
 15016 | Orc:2    | Found Ikigepir's Antique Weapon Shop.
 15017 | Orc:2    | Found Qaqecaxe's General Store.
 15017 | Orc:2    | Found Utacruc's Jewellery Boutique.
 15103 | Orc:2    | Bought a +4 plate armour of poison resistance for 658 gold
                  | pieces
 15384 | Swamp:1  | Entered Level 1 of the Swamp
 15494 | Swamp:2  | Noticed Frances
 15507 | Swamp:2  | Killed Frances
 15886 | Swamp:4  | Entered Level 4 of the Swamp
 15886 | Swamp:4  | Noticed Nikola
 15907 | Swamp:4  | HP: 5/163 [Nikola/chain lightning (12)]
 15907 | Swamp:4  | Killed from afar by Nikola

Illustrated notes

Levels and vault maps discovered:
D:1:      minmay_arrival_solitary_statue, layout_basic
D:2:      minmay_door_path, layout_rooms
D:3:      layout_loops_cross, old_standard_altar,
          grunt_temple_overflow_cloverleaf, evilmike_ruin_ashenzari,
          uniq_crazy_yiuf_cottage
D:4:      layout_loops_ring, minmay_temple_entry_butterflies
D:5:      layout_cave_pools, xom_redecorated, nicolae_ru_awakened_eye,
          okawaru_ov_weapons_minmay, serial_shops,
          nicolae_shop_overgrown_old_shop, serial_gnoll_camp,
          gnoll_camp_mini_doghouse, gnoll_camp_mini_hut, gnoll_camp_mini_basic,
          gnoll_camp_mini_basic, uniq_eustachio, uniq_prince_ribbit1,
          uniq_sigmund
D:6:      layout_cave_pods, kennysheep_mini, lemuel_blue_sif_altar, basic_altar,
          kennysheep_generic_room_11
D:7:      layout_gridville, uniq_duvessa
D:8:      layout_rooms, overflow_temple_1_default, dpeg_oklobed_lair
D:9:      layout_basic, uniq_erica
D:10:     layout_long_grid, ebering_ghost_xom, basic_altar
D:11:     layout_grid_maze, serial_shops, shop
D:12:     layout_loops_cross, orc_0_dummy, uniq_urug, uniq_fannar,
          uniq_josephine
D:13:     layout_irregular_city, david_vaults_2, serial_shops,
          kennysheep_little_box, drop_trap, minivault_4
D:14:     layout_rooms, hangedman_decor_opposing, uniq_louise
D:15:     hangedman_depths_entry_try_elsewhere_first, layout_loops_ring,
          uniq_azrael, uniq_agnes
Temple:   dpeg_chambers_temple
Lair:1:   lemuel_ratsnest, layout_small_grid
Lair:2:   layout_roguey, nicolae_spider_entry_orb_guardian,
          gauntlet_entry_generic, serial_bayou_pond_c, st_stairs_13
Lair:3:   layout_regular_city, minmay_swamp_entry_swarm
Swamp:1:  layout_basic_swamp, evilmike_swamp_ruin_house_6,
          nicolae_swamp_triple_paths
Swamp:2:  cheibrodos_swamp_monstrosity, layout_basic_swamp,
          evilmike_swamp_ruin_house_4, uniq_frances
Swamp:3:  layout_basic_swamp, ebering_ghost_funeral_grove,
          evilmike_swamp_ruin_house_1, uniq_donald
Swamp:4:  swamp, layout_basic_swamp, gammafunk_ghost_abyssal_escape, uniq_nikola
Spider:1: gammafunk_its_a_trap, uniq_kirke
Spider:2: layout_spider_delve, ebering_ghost_rock_garden
Spider:3: layout_spider_delve, spiders_nest_spider_trap
Spider:4: spider_rune_water
Orc:1:    layout_caves, enter_volcano_3
Orc:2:    st_orc_congregation, layout_caves, serial_shops, shop

Skill      XL: |  1  2  3  4  5  6  7  8  9 10 11 12 13 14 15 16 |
---------------+-------------------------------------------------+-----
Fighting       | 3 4 5 6 7 8 9 10 11 12 14 15 | 15.4
Axes           | 3 4 5 6 7 8 10 13 14 15 16 | 16.0
Armour         | 4 5 6 7 8 9 11 12 13 | 13.4
Shields        | 4 5 6 7 8 9 11 | 11.1
Invocations    | 3 4 5 7 8 10 11 13 14 | 14.8
Evocations     | 2 4 5 6 7 |  7.0
Dodging        | 5 8 |  8.1

Action                   |  1- 3 |  4- 6 |  7- 9 | 10-12 | 13-15 | 16-18 || total
-------------------------+-------+-------+-------+-------+-------+-------++-------
Melee: War axe           |    44 |   150 |   393 |   573 |  1235 |   488 ||  2883
Invok: Lesser Servant of |       |       |       |       |     3 |     2 ||     5
       Greater Servant o |       |       |       |       |     2 |       ||     2
 Abil: Heal Wounds       |     1 |     4 |    10 |     5 |    21 |     7 ||    48
Evoke: Wand              |       |       |       |       |     1 |     4 ||     5
       Condenser vane    |       |       |       |       |     1 |     3 ||     4
  Use: Scroll            |       |       |    14 |     8 |     9 |       ||    31
       Potion            |       |       |       |     1 |     4 |       ||     5
 Stab: Petrified         |       |       |       |       |     9 |       ||     9
       Petrifying        |       |       |       |       |     3 |       ||     3
       Paralysed         |       |       |       |       |     2 |       ||     2
       Invisible         |       |       |       |       |     1 |       ||     1
Armor: Scale mail        |     5 |       |       |       |       |       ||     5
       Chain mail        |    10 |    78 |   152 |       |       |       ||   240
       Plate armour      |       |       |    90 |   308 |   584 |   394 ||  1376
Dodge: Dodged            |    12 |    34 |    87 |   107 |   196 |   175 ||   611
Block: Kite shield       |    20 |    85 |   317 |   539 |   233 |       ||  1194
       Reflection        |       |       |     5 |    24 |    50 |    21 ||   100
       Tower shield      |       |       |       |       |  1073 |   762 ||  1835

Table legend: (Time is in decaauts)
 A = Elapsed time spent in this place.
 B = Non-inter-level travel time spent in this place.
 C = Inter-level travel time spent in this place.
 D = Time resting spent in this place.
 E = Time spent auto-exploring this place.
 F = Levels seen in this place.
 G = Mean time per level.
                   A        B        C        D        E       F      G
               +--------+--------+--------+--------+--------+-----+--------+
         Total |  15780 |  13935 |   1845 |    117 |   9000 |  30 |  526.0 |
       Dungeon |  10198 |   9113 |   1085 |      4 |   6045 |  15 |  679.9 |
        Temple |    205 |    179 |     26 |      0 |    177 |   1 |  205.0 |
          Lair |   2032 |   1690 |    342 |      0 |   1318 |   3 |  677.3 |
         Swamp |    508 |    461 |     47 |      0 |    150 |   4 |  127.0 |
   Spider Nest |   1500 |   1234 |    266 |    111 |    513 |   4 |  375.0 |
  Orcish Mines |    995 |    918 |     77 |      2 |    637 |   2 |  497.5 |
      Gauntlet |    339 |    339 |      0 |      0 |    158 |   1 |  339.0 |
               +--------+--------+--------+--------+--------+-----+--------+

Top non-repeatable levels by time:
    D:10: 999 daAuts
     D:6: 935 daAuts
    D:12: 933 daAuts
    D:15: 917 daAuts
  Lair:2: 908 daAuts
  Lair:3: 900 daAuts
     D:9: 894 daAuts
    D:11: 868 daAuts
     D:5: 820 daAuts
Spider:4: 784 daAuts
    D:13: 768 daAuts
     D:7: 758 daAuts
     D:4: 658 daAuts
   Orc:2: 645 daAuts
     D:8: 573 daAuts
